 Dungeon Crawl Stone Soup version 0.27.1-1-g398f81649c (webtiles) character file.

Game seed: 10246368035787619423

1996 VictoriousLee the Zephyrmancer (level 9, -11/57 HPs)
             Began as a Barachi Summoner on Sept 5, 2021.
             Shot with an arrow by a centaur (12 damage)
             ... on level 7 of the Dungeon.
             The game lasted 00:39:42 (8980 turns).

VictoriousLee the Zephyrmancer (Barachi Summoner)   Turns: 8980, Time: 00:39:42

Health: -11/57     AC:  2    Str:  9    XL:     9   Next: 21%
Magic:  12/15      EV: 12    Int: 20    God:
Gold:   279        SH:  0    Dex: 12    Spells: 3/16 levels left

rFire    . . .     SeeInvis .   v - +1 falchion (elec)
rCold    . . .     Faith    .   (no shield)
rNeg     . . .     Spirit   .   a - +0 robe
rPois    .         Reflect  .   (no helmet)
rElec    .         Harm     .   (no cloak)
rCorr    .         Rampage  .   (no gloves)
Will     .....                  (no boots)
Stlth    ++........             (no amulet)
HPRegen  0.19/turn              b - ring of wizardry
MPRegen  0.14/turn              (no ring)

@: slow
A: amphibious, slowness 1, strong legs 1, +LOS
a: Hop


You were on level 7 of the Dungeon.
You visited 1 branch of the dungeon, and saw 7 of its levels.
You also visited: Ossuary.

You collected 279 gold pieces.

Inventory:

Hand Weapons
 d - a +0 spear
 m - a +1 short sword of protection
 v - a +1 falchion of electrocution (weapon)
 x - a +0 trident
 z - a +2 short sword of venom
 B - a +0 flail of holy wrath
 J - a +0 vampiric dagger
Missiles
 f - 120 bolts
 h - 135 arrows
 i - 182 stones
 R - 3 boomerangs of dispersal
Armour
 a - a +0 robe (worn)
 n - a +0 leather armour
 p - a +0 pair of gloves
 r - a +0 buckler
 w - a +0 ring mail
 y - a +0 scale mail
 A - a +0 pair of boots
Jewellery
 b - a ring of wizardry (left hand)
 I - an amulet of faith
Wands
 o - a wand of paralysis (8)
 u - a wand of mindburst (7)
 C - a wand of acid (8)
 P - a wand of flame (19)
Scrolls
 c - a scroll of immolation {unknown}
 j - a scroll of vulnerability {unknown}
 l - 2 scrolls of brand weapon {unknown}
 q - 3 scrolls of teleportation {unknown}
 F - a scroll of enchant weapon {unknown}
 H - a scroll of fog {unknown}
 K - a scroll of fear {unknown}
 L - 2 scrolls of enchant armour {unknown}
 M - a scroll of noise {unknown}
 S - a scroll of torment {unknown}
Potions
 e - 4 potions of might
 g - 2 potions of mutation
 k - 2 potions of lignification
 s - a potion of brilliance
 t - 2 potions of curing
 D - a potion of degeneration {unknown}
 E - a potion of magic {unknown}
 G - a potion of berserk rage {unknown}
 N - 3 potions of flight {unknown}
 O - 2 potions of attraction {unknown}
 Q - a potion of invisibility {unknown}


   Skills:
 + Level 4.3 Long Blades
 - Level 2.1 Dodging
 - Level 1.7 Stealth
 - Level 4.0 Spellcasting
 - Level 9.0 Summonings
 - Level 9.3 Air Magic


You had 3 spell levels left.
You knew the following spells:

 Your Spells              Type           Power      Damage    Failure   Level
a - Summon Small Mammal   Summ           100%       N/A       1%          1
b - Summon Guardian Gole  Hex/Summ       22%        N/A       2%          3
c - Call Canine Familiar  Summ           40%        N/A       1%          3
s - Summon Lightning Spi  Summ/Air       40%        N/A       1%          4
z - Call Imp              Summ           40%        N/A       1%          2

Your spell library contained the following spells:

 Spells                   Type           Power      Damage    Failure   Level
 Shock                    Conj/Air       88%        1d8       1%          1
 Swiftness                Air            41%        N/A       1%          3
 Pain                     Necr           16%        1d4       5%          1
 Conjure Flame            Conj/Fire      4%         6-21      16%         3
 Airstrike                Air            20%        N/A       1%          4
 Iskenderun's Battlesphe  Conj           4%         2d6       77%         5
 Infestation              Necr           2%         N/A       100%        8


Dungeon Overview and Level Annotations

Branches:
Dungeon (7/15)             Temple (0/1) D:7         Ossuary (visited)

Altars:
Uskayaw


Innate Abilities, Weirdness & Mutations

You are amphibious.
You cover ground slowly.
You can hop short distances.
You have an extended range of vision and can be seen from far away.


Message History

Found a dark potion.
D - a dark potion An ogre comes into view.
It is wielding a +0 giant club.
Casting: Summon Lightning Spire (dangerous; 1% risk of failure)
Confirm with . or Enter, or press ? or * to list all spells.
An electric hum fills the air.
The ogre shouts!
Your lightning spire shoots out a bolt of lightning at the ogre!
The bolt of electricity hits the ogre!
You hit the ogre.
The ogre is heavily wounded.
The ogre closely misses you.
Your lightning spire shoots out a bolt of lightning at the ogre!
The bolt of electricity hits the ogre! x2
The ogre dies!
The bolt of electricity hits your lightning spire.
Your lightning spire completely resists.
Found a short sword.
Found a stone staircase leading up.
You see here a +0 giant club.
Found a book of Air.
Found a stone staircase leading down.
You pick up a book of Air and begin reading...
You add the spells Shock, Swiftness and Airstrike to your library.
The centaur shouts!
The centaur wields a +0 shortbow.
The centaur shoots an arrow.
The arrow hits you!
The centaur shoots an arrow.
The arrow hits you!
Casting: Summon Lightning Spire (dangerous; 1% risk of failure)
Confirm with . or Enter, or press ? or * to list all spells.
You miscast Summon Lightning Spire.
You are very lightly contaminated with residual magic.
Nothing appears to happen.
The centaur shoots an arrow.
The arrow hits you!
The centaur shoots an arrow.
The arrow hits you.
* * * LOW HITPOINT WARNING * * *
Your magical contamination has completely faded away.
The centaur shoots an arrow.
The arrow hits you.
* * * LOW HITPOINT WARNING * * *
There is a stone staircase leading up here.
The centaur shoots an arrow.
The arrow hits you!
* * * LOW HITPOINT WARNING * * *
The centaur shoots an arrow.
The arrow hits you!
You die...

#.. ###### #.# # .....#
#.# .#
.....########.####.#.
........)........... .>.
#.######........)......
#.# #........## ... ..#
#.........# .. .#####
#........@#..# .#...#
#.........#..##
.#.#.###........##...#
...... #.......c.....#.#
..#.#.##########.......#
.........#######c......#
.#...#....c............#
.......#...#####.......#
...>.....#. #.......#


You could see a centaur.

Vanquished Creatures
  A wyvern (D:5)
  An orc warrior (D:6)
  A black bear (D:5)
  A necrophage (D:4)
  A centaur (D:5)
  2 ogres (D:4)
  2 elf zombies (Ossuary)
  A water moccasin skeleton (D:6)
  A killer bee (D:7)
  A centaur zombie (Ossuary)
  A bullfrog skeleton (D:5)
  A jelly (D:6)
  A centaur skeleton (D:4)
  2 iguanas
  A hound zombie (Ossuary)
  2 mummies (Ossuary)
  A howler monkey skeleton (D:6)
  2 adder zombies (Ossuary)
  4 orcs
  7 bats
  5 endoplasms
  4 giant cockroaches (D:1)
  A gnoll zombie (Ossuary)
  7 hobgoblins
  2 kobolds
  A quokka (D:2)
  3 ball pythons
  A goblin zombie (Ossuary)
  A hobgoblin zombie (Ossuary)
  3 jackal zombies (Ossuary)
  4 kobold zombies (Ossuary)
  2 orc zombies (Ossuary)
  3 quokka zombies (Ossuary)
  3 rats
  4 rat zombies (Ossuary)
78 creatures vanquished.

Vanquished Creatures (collateral kills)
  Prince Ribbit (D:7)
  Grinder (D:3)
  A water moccasin (D:5)
  2 black bears (D:5)
  An ogre (D:7)
  A centaur (D:6)
  An elf zombie (Ossuary)
  A scorpion (D:4)
  3 killer bees (D:7)
  A howler monkey (D:5)
  A jelly (D:6)
  A centaur zombie (D:7)
  4 hounds
  An orc priest (D:5)
  A bullfrog skeleton (D:4)
  2 iguanas (D:4)
  Ijyb (D:5)
  2 orc wizards
  A mummy (Ossuary)
  6 adders
  4 gnolls (D:5)
  A white imp (D:7)
  2 adder zombies (Ossuary)
  A dart slug (D:2)
  13 orcs
  A ball python (D:4)
  2 bats
  4 endoplasms
  3 giant cockroaches (D:1)
  5 goblins
  5 hobgoblins
  3 quokkas (D:2)
  A gnoll zombie (Ossuary)
  2 goblin zombies (Ossuary)
  A hobgoblin zombie (Ossuary)
  2 jackal zombies (Ossuary)
  7 kobolds
  2 quokka zombies (Ossuary)
  A rat (D:2)
93 creatures vanquished.

Grand Total: 171 creatures vanquished

Notes
Turn   | Place    | Note
-------+----------+-------------------------------------------
     0 | D:1      | VictoriousLee the Barachi Summoner began the quest for the
                  | Orb.
     0 | D:1      | Reached XP level 1. HP: 13/13 MP: 3/3
    70 | D:1      | Reached skill level 5 in Summonings
   374 | D:1      | Reached XP level 2. HP: 3/19 MP: 1/5
   630 | D:1      | Learned a level 2 spell: Call Imp
  1375 | D:2      | Found a faded altar of an unknown god.
  1382 | D:2      | Reached XP level 3. HP: 24/24 MP: 6/6
  1386 | D:2      | Learned a level 3 spell: Call Canine Familiar
  2629 | D:3      | Reached XP level 4. HP: 30/30 MP: 2/8
  2938 | D:3      | Found a hide-covered altar of Uskayaw.
  3285 | D:3      | Noticed Grinder
  3315 | D:3      | Killed Grinder
  3316 | D:3      | Reached XP level 5. HP: 12/35 MP: 1/11
  3321 | D:3      | Learned a level 4 spell: Summon Lightning Spire
  3651 | D:4      | Reached XP level 6. HP: 41/41 MP: 7/12
  3688 | D:4      | Reached skill level 1 in Air Magic
  4533 | D:5      | Entered Level 5 of the Dungeon
  4533 | D:5      | Noticed a necrophage
  4636 | D:4      | Killed a necrophage
  4637 | D:4      | Reached XP level 7. HP: 29/46 MP: 8/13
  4807 | D:4      | Reached skill level 5 in Air Magic
  5249 | D:5      | Noticed a wyvern
  5252 | D:5      | Noticed Ijyb
  5958 | D:5      | Reached XP level 8. HP: 42/52 MP: 9/14
  6041 | D:5      | Killed a wyvern
  6224 | D:5      | Killed Ijyb
  6891 | D:5      | Learned a level 3 spell: Summon Guardian Golem
  7305 | D:6      | Found a sand-covered staircase.
  7309 | D:6      | Got the Almanac of Harmful Necromancy
  7320 | Ossuary  | Entered an ossuary
  8365 | D:6      | Reached XP level 9. HP: 17/57 MP: 8/15
  8676 | D:7      | Noticed Prince Ribbit
  8686 | D:7      | Reached skill level 1 in Long Blades
  8688 | D:7      | Killed Prince Ribbit
  8916 | D:7      | Found a staircase to the Ecumenical Temple.
  8980 | D:7      | HP: 1/57 [centaur/arrow (10)]
  8980 | D:7      | Shot with an arrow by a centaur

Illustrated notes

Levels and vault maps discovered:
D:1:      scummos_arrival_simple_fountains, layout_basic,
          minmay_worlds_worst_comb
D:2:      layout_loops_ring, ebering_ecumenical_altar_webs, serial_glass,
          glass_columns_c, glass_columns_a, glass_columns_c, glass_columns_b,
          glass_columns_a, chequers_serial_rivers_micro_d, dk_noncrumbling_4,
          minmay_puff
D:3:      layout_loops_ring, nicolae_overflow_hidden_temple, uniq_grinder
D:4:      layout_rooms, minmay_misc_feat_rows
D:5:      layout_cave_pools, uniq_ijyb
D:6:      layout_loops_ring, enter_ossuary_2
D:7:      layout_basic, minmay_temple_entry_sparse_star, chequers_garden,
          chequers_serial_rivers_small_3, uniq_prince_ribbit1

Skill      XL: |  1  2  3  4  5  6  7  8  9 |
---------------+----------------------------+-----
Summonings     | 5 6 7 8 9 |  9.0
Spellcasting   | 3 4 |  4.0
Air Magic      | 4 7 9 |  9.3
Long Blades    | 4 |  4.3
Dodging        | |  2.1
Stealth        | |  1.7

Action                   |  1- 3 |  4- 6 |  7- 9 || total
-------------------------+-------+-------+-------++-------
Melee: Spear             |   159 |   104 |     1 ||   264
       Falchion          |       |     2 |   149 ||   151
       Short sword       |       |       |     9 ||     9
 Cast: Summon Small Mamm |     7 |     1 |     1 ||     9
       Call Imp          |     8 |    12 |     6 ||    26
       Call Canine Famil |     7 |    10 |     4 ||    21
       Summon Lightning  |       |       |    37 ||    37
 Abil: Hop               |       |     1 |     2 ||     3
Evoke: Wand              |       |       |     2 ||     2
  Use: Scroll            |       |       |     4 ||     4
       Potion            |       |       |     1 ||     1
 Stab: Sleeping          |     5 |     3 |     2 ||    10
       Distracted        |       |       |     4 ||     4
Armor: Robe              |    27 |    15 |    29 ||    71
       Skin              |       |       |     2 ||     2
Dodge: Dodged            |   106 |    48 |   127 ||   281
       Rpst.: Falchion   |       |       |    34 ||    34
